 Dungeon Crawl Stone Soup version 0.27-a0-1065-ge809cff456 (webtiles) character file.

Game seed: 6666731171144989080

708 threeofswords the Cutter (level 8, -1/43 HPs)
             Began as a Kobold Arcane Marksman on Apr 23, 2021.
             Slain by a phantom (9 damage)
             ... on level 3 of the Dungeon.
             The game lasted 00:11:51 (5820 turns).

threeofswords the Cutter (Kobold Arcane Marksman)   Turns: 5820, Time: 00:11:51

Health: -1/43      AC:  5    Str:  8    XL:     8   Next: 0%
Magic:  13/13      EV: 14    Int: 14    God:
Gold:   132        SH:  0    Dex: 17    Spells: 4/13 levels left

rFire    . . .     SeeInvis .   e - +0 dagger (venom)
rCold    . . .     Faith    .   (shield restricted)
rNeg     . . .     Spirit   .   k - +0 leather armour
rPois    .         Reflect  .   (no helmet)
rElec    .         Harm     .   (no cloak)
rCorr    .         Rampage  .   (no gloves)
Will     .....                  j - +1 pair of boots
Stlth    +++.......             (no amulet)
HPRegen  0.14/turn              (no ring)
MPRegen  0.13/turn              (no ring)

@: no status effects
A: small, no large weapons, nightstalker 3
a: no special abilities


You were on level 3 of the Dungeon.
You visited 1 branch of the dungeon, and saw 4 of its levels.

You collected 132 gold pieces.

Inventory:

Hand Weapons
 a - a +0 hand crossbow
 e - a +0 dagger of venom (weapon)
 f - a +0 dagger of electrocution
Missiles
 d - 8 bolts
 r - 2 poisoned darts (quivered)
Armour
 j - a +1 pair of boots (worn)
 k - a +0 leather armour (worn)
Wands
 o - a wand of flame (28)
Scrolls
 c - 2 scrolls of identify {unknown}
 g - a scroll of teleportation {unknown}
 h - a scroll of enchant armour {unknown}
 l - a scroll of enchant weapon {unknown}
 m - a scroll of summoning {unknown}
 n - a scroll of torment {unknown}
 p - a scroll of brand weapon {unknown}
Potions
 b - a potion of curing {unknown}
 i - a potion of flight
 q - a potion of magic {unknown}


   Skills:
 - Level 1.1 Fighting
 - Level 5.5 Short Blades
 - Level 4.7 Crossbows
 - Level 0.1 Throwing
 - Level 2.4 Dodging
 + Level 2.5 Stealth
 - Level 3.4 Spellcasting
 - Level 5.3 Hexes


You had 4 spell levels left.
You knew the following spells:

 Your Spells              Type           Power      Damage    Failure   Level
a - Corona                Hex            18%        N/A       3%          1
b - Slow                  Hex            17%        N/A       4%          2
c - Inner Flame           Hex/Fire       9%         N/A       30%         3
d - Portal Projectile     Hex/Tloc       18%        N/A       30%         3

Your spell library contained the following spells:

 Spells                   Type           Power      Damage    Failure   Level
 Animate Skeleton         Necr           4%         N/A       30%         1
 Cause Fear               Hex            8%         N/A       32%         4
 Leda's Liquefaction      Hex/Erth       4%         N/A       69%         4


Dungeon Overview and Level Annotations

Branches:
Dungeon (4/15)
 Temple: D:4-7

Altars:
Kikubaaqudgha
Sif Muna
Vehumet

Shops:
D:1 [   D:2 [


Innate Abilities, Weirdness & Mutations

You are small and have problems with some larger weapons.
You are completely attuned to the shadows.


Message History

You feel sick. The giant cockroach barely misses you.
An orc comes into view. It is wielding a +0 flail.
You hit the giant cockroach but do no damage.
The giant cockroach is poisoned.
The giant cockroach is moderately wounded.
You kill the giant cockroach!
You hear some strange, mumbled words.
A puff of flame appears from out of thin air!
The puff of flame hits you!
You barely miss something.
You feel sick.
The orc throws a stone.
Something hits you.
You hit something but do no damage.
You feel sick.
You are no longer poisoned.
You hit something.
You hear some strange, mumbled words.
A puff of flame appears from out of thin air!
The puff of flame hits you.
* * * LOW HITPOINT WARNING * * *
A hound skeleton comes into view.
You hit something.
You hear some strange, mumbled words.
A puff of flame appears from out of thin air!
The puff of flame misses you.
You miss something. You hit something but do no damage.
Something completely misses you.
Reactivating autopickup.
You feel a bit more experienced.
Your Stealth skill increases to level 2!
You have reached level 8!
You see here a giant cockroach corpse.
The orc throws a stone.
The stone hits you but does no damage.
An orc is nearby!
The phantom hits you but does no damage.
There is a stone staircase leading up here.
The phantom hits you.
* * * LOW HITPOINT WARNING * * *
You climb upwards.
There is a stone staircase leading down here.
The phantom hits you!
You die...

...# #............# ##.#
#............# ##.#
#............# ##.#
#............#
##.#####.[..........#
#####...............#
................>...#
................W...#
..###.##........@.### ..#
#.##.#........# ..#
#.##.#........#
..###.##.#[.......#
..................##########
..###.##.#.#+##.)..........#
........................##.#
..###.##.#.#.##...########.#
..# #.##.#.#<##.).# #.#


You could see a phantom.

Vanquished Creatures
  A hornet (D:4)
  A bullfrog (D:3)
  An orc priest (D:3)
  Natasha (thrice) (D:2)
  An iguana (D:4)
  7 orc wizards
  An adder (D:4)
  2 worms (D:2)
  4 dart slugs
  15 orcs
  14 bats
  7 endoplasms
  3 giant cockroaches
  10 goblins
  3 hobgoblins
  4 jackals
  10 ball pythons
  4 frilled lizards
  4 kobolds
  5 rats
100 creatures vanquished.

Vanquished Creatures (others)
  A fungus (D:2)
1 creature vanquished.

Grand Total: 101 creatures vanquished

Notes
Turn   | Place    | Note
-------+----------+-------------------------------------------
     0 | D:1      | threeofswords the Kobold Arcane Marksman began the quest
                  | for the Orb.
     0 | D:1      | Reached XP level 1. HP: 12/12 MP: 2/2
    91 | D:1      | Reached XP level 2. HP: 4/16 MP: 3/3
   393 | D:1      | Found Rotomm's Armour Boutique.
   543 | D:1      | Reached skill level 1 in Short Blades
   611 | D:1      | Reached XP level 3. HP: 13/20 MP: 4/4
  1344 | D:1      | Learned a level 2 spell: Slow
  1387 | D:2      | Noticed Natasha
  1396 | D:2      | Killed Natasha
  1397 | D:2      | Reached XP level 4. HP: 17/25 MP: 4/7
  1509 | D:2      | Found a faded altar of an unknown god.
  1511 | D:2      | Noticed Natasha
  1519 | D:2      | Killed Natasha
  2030 | D:2      | Noticed Natasha
  2039 | D:2      | Killed Natasha
  2040 | D:2      | Reached XP level 5. HP: 29/29 MP: 8/10
  2052 | D:2      | Learned a level 3 spell: Inner Flame
  2056 | D:2      | Learned a level 3 spell: Portal Projectile
  2612 | D:2      | Found Qustotzu's Armour Emporium.
  3400 | D:3      | Noticed a bullfrog
  3411 | D:3      | Killed a bullfrog
  3412 | D:3      | Reached XP level 6. HP: 26/34 MP: 11/11
  3776 | D:3      | Found a shimmering blue altar of Sif Muna.
  3854 | D:3      | Found an ancient bone altar of Kikubaaqudgha.
  3913 | D:3      | Reached skill level 5 in Hexes
  3945 | D:3      | Identified Kikubaaqudgha's Collected Works on Evil
  3954 | D:3      | Found a radiant altar of Vehumet.
  4279 | D:3      | Reached XP level 7. HP: 38/38 MP: 12/12
  4928 | D:4      | Noticed a hornet
  5094 | D:4      | Killed a hornet
  5095 | D:4      | Reached skill level 5 in Short Blades
  5400 | D:4      | Reached skill level 1 in Stealth
  5802 | D:4      | Reached XP level 8. HP: 11/43 MP: 13/13
  5820 | D:3      | Slain by a phantom

Illustrated notes

Levels and vault maps discovered:
D:1:      psy_arrival_statuary, layout_basic, serial_shops, shop_fountains
D:2:      layout_loops_corners, shapermc_ecumenical_altar_mp_ritualfount,
          serial_shops, nicolae_shop_stone, uniq_natasha
D:3:      layout_basic, palyth_temple_overflow_mages
D:4:      layout_loops_cross, minmay_misc_feat_five

Skill      XL: |  1  2  3  4  5  6  7 |
---------------+----------------------+-----
Crossbows      | 3 4 |  4.7
Short Blades   | 1 5 |  5.5
Spellcasting   | 2 3 |  3.4
Hexes          | 4 5 |  5.3
Stealth        | 2 |  2.5
Fighting       | |  1.1
Throwing       | |  0.1
Dodging        | |  2.4

Action                   |  1- 3 |  4- 6 |  7- 9 || total
-------------------------+-------+-------+-------++-------
Melee: Dagger            |    83 |   164 |    76 ||   323
       Mace              |     2 |       |       ||     2
 Fire: Hand crossbow     |    21 |    26 |       ||    47
Throw: Dart              |       |       |     5 ||     5
  Use: Potion            |       |     3 |       ||     3
 Stab: Sleeping          |     3 |    15 |     2 ||    20
       Distracted        |       |     2 |       ||     2
Armor: Robe              |    22 |       |       ||    22
       Leather armour    |       |    37 |    14 ||    51
       Skin              |       |    16 |       ||    16
Dodge: Dodged            |    84 |   104 |    24 ||   212

Table legend: (Time is in decaauts)
 A = Elapsed time spent in this place.
 B = Non-inter-level travel time spent in this place.
 C = Inter-level travel time spent in this place.
 D = Time resting spent in this place.
 E = Time spent auto-exploring this place.
 F = Levels seen in this place.
 G = Mean time per level.
                   A        B        C        D        E       F      G
               +--------+--------+--------+--------+--------+-----+--------+
         Total |   5798 |   5312 |    486 |   1545 |   2834 |   4 | 1449.5 |
       Dungeon |   5798 |   5312 |    486 |   1545 |   2834 |   4 | 1449.5 |
               +--------+--------+--------+--------+--------+-----+--------+

Top non-repeatable levels by time:
     D:3: 2208 daAuts
     D:2: 1498 daAuts
     D:1: 1346 daAuts
     D:4: 744 daAuts
